 Dungeon Crawl Stone Soup version 0.26-a0-346-g33516b1736 (webtiles) character file.

Game seed: 12271252173474501455

349 Glokmah the Chiller (level 6, -3/44 HPs)
             Began as a Demonspawn Ice Elementalist on July 17, 2020.
             Was an Initiate of Qazlal.
             Killed from afar by Dowan (12 damage)
             ... with a stone arrow
             ... on level 4 of the Dungeon.
             The game lasted 00:11:44 (4659 turns).

Glokmah the Chiller (Demonspawn Ice Elementalist)   Turns: 4659, Time: 00:11:45

Health: -3/44      AC:  4    Str: 15    XL:     6   Next: 33%
Magic:  8/19       EV: 13    Int: 17    God:    Qazlal [......]
Gold:   339        SH:  0    Dex: 14    Spells: 4/11 levels left

rFire    . . .     SeeInvis .   a - +2 dagger (venom)
rCold    . . .     Faith    .   (no shield)
rNeg     . . .     Spirit   .   q - +0 leather armour (curse)
rPois    .         Reflect  .   o - +0 helmet
rElec    .         Harm     .   h - scarf {+Inv}
rCorr    .                      (no gloves)
MR       .....                  (no boots)
Stlth    +.........             (no amulet)
HPRegen  0.14/turn              i - ring of magical power
MPRegen  0.16/turn              B - +6 ring of strength

@: very slightly contaminated
A: hooves 1
a: Renounce Religion, Evoke Invisibility


You were on level 4 of the Dungeon.
You worshipped Qazlal.
Qazlal was noncommittal.
You visited 2 branches of the dungeon, and saw 5 of its levels.

You collected 339 gold pieces.

Inventory:

Hand Weapons
 a - a +2 dagger of venom (weapon)
Missiles
 e - 156 stones
 n - 18 boomerangs (quivered)
 x - 4 poisoned darts
Armour
 h - a scarf of invisibility (worn)
 o - a +0 helmet (worn)
 q - a cursed +0 leather armour (worn)
Jewellery
 i - a ring of magical power (left hand)
 B - a +6 ring of strength (right hand)
Scrolls
 d - a scroll of enchant weapon {unknown}
 f - 7 scrolls of identify {unknown}
 l - 3 scrolls of magic mapping {unknown}
 m - a scroll of fog {unknown}
 p - a scroll of noise {unknown}
 r - a scroll of fear {unknown}
 t - a scroll of random uselessness {unknown}
 u - 3 scrolls of remove curse {unknown}
 v - a scroll of enchant armour {unknown}
 w - a scroll of amnesia {unknown}
 y - a scroll of blinking {unknown}
Potions
 b - 3 potions of curing
 c - a potion of stabbing {unknown}
 g - 2 potions of lignification {unknown}
 j - a potion of heal wounds {unknown}
 z - a potion of cancellation {unknown}
 A - a potion of flight {unknown}


   Skills:
 + Level 2.2 Fighting
 + Level 1.9 Armour
 + Level 2.8 Dodging
 - Level 1.7 Stealth
 + Level 3.0 Spellcasting
 * Level 4.8 Ice Magic
 + Level 1.6 Evocations


You had 4 spell levels left.
You knew the following spells:

 Your Spells              Type           Power        Failure   Level
a - Freeze                Ice            ###.         3%          1
b - Frozen Ramparts       Ice            ###...       9%          3
c - Ozocubu's Armour      Ice            ###.....     9%          3

Your spell library contained the following spells:

 Spells                   Type           Power        Failure   Level
 Beastly Appendage        Tmut           #.....       22%         1
 Wereblood                Tmut           #.......     32%         2
 Spider Form              Tmut/Pois      #.........   54%         3
 Hailstorm                Conj/Ice       ##......     61%         4
 Ice Form                 Ice/Tmut       ##......     61%         4
 Summon Ice Beast         Ice/Summ       ##......     61%         4
 Blade Hands              Tmut           #.........   99%         5


Dungeon Overview and Level Annotations

Branches:
Dungeon (4/15)             Temple (1/1) D:4

Altars:
Cheibriados
Dithmenos
Fedhas
Makhleb
Okawaru
Qazlal
Ru
Uskayaw
Vehumet
Wu Jian
Xom
Yredelemnul
Zin

Shops:
D:4 [:[*!

Annotations:
D:4 Dowan


Innate Abilities, Weirdness & Mutations

You have large cloven feet.


Message History

You feel clever. Dowan closely misses you.
Casting: Freeze (safe; 3% risk of failure)
Confirm with . or Enter, or press ? or * to list all spells.
The walls around you are covered in ice.
Dowan hits you but does no damage.
Your icy armour cracks and falls away as you move.
The wall freezes Dowan.
Dowan hits you from afar with a +0 trident!
You see here a leather armour.
The wall freezes Dowan.
Dowan barely misses you.
Press: ? - help, v - describe, . - travel
Here: Dowan, wielding a +0 trident and wearing a +0 robe (lightly wounded, fast)
The floor, spattered with blood.
The frozen ramparts melt away.
Dowan hits you from afar with a +0 trident.
* * * LOW HITPOINT WARNING * * *
Dowan gestures at you while chanting. The stone arrow hits you!
You die...

##.... #..##...... .###
......###.......... ....
...........#....... #...
........###....... #...
##.......###......
##..###..##.#..##.......
.....#..###.............
...###....................
.......<.@........##......
.#.........###....#.......
...........e###).e....#...
..............##[.........
...........................
.....<.........##.#.........
..>..............#.##........
..............####.#..##.....
..............####....###....


You could see Dowan (fast).

Vanquished Creatures
  Duvessa (D:4)
  A big kobold (D:4)
  An orc wizard (D:3)
  A worker ant (D:4)
  3 adders
  An ooze (D:3)
  A dart slug (D:1)
  5 orcs
  5 giant cockroaches
  10 goblins
  9 hobgoblins
  2 jackals (D:1)
  2 quokkas
  A ball python (D:3)
  7 bats
  4 frilled lizards (D:2)
  27 kobolds
  4 rats
  3 plants (D:4)
88 creatures vanquished.

Vanquished Creatures (others)
  5 plants (D:4)
5 creatures vanquished.

Grand Total: 93 creatures vanquished

Notes
Turn   | Place    | Note
-------+----------+-------------------------------------------
     0 | D:1      | Glokmah the Demonspawn Ice Elementalist began the quest for
                  | the Orb.
     0 | D:1      | Reached XP level 1. HP: 13/13 MP: 3/3
   533 | D:1      | Gained mutation: You have large cloven feet. [demonic
                  | ancestry]
   533 | D:1      | Reached XP level 2. HP: 17/20 MP: 1/5
  1416 | D:2      | Reached skill level 4 in Ice Magic
  1581 | D:2      | Reached XP level 3. HP: 25/25 MP: 4/6
  1699 | D:2      | Reached skill level 1 in Fighting
  1707 | D:2      | Learned a level 3 spell: Frozen Ramparts
  2275 | D:3      | Reached XP level 4. HP: 15/32 MP: 7/7
  2516 | D:3      | Learned a level 3 spell: Ozocubu's Armour
  2610 | D:3      | You fall into a shaft and drop 1 floor!
  2628 | D:4      | Found Iraar's Assorted Antiques.
  2631 | D:4      | Found Muta's Distillery.
  2681 | D:4      | Found Ydisary's Armour Emporium.
  2765 | D:4      | Noticed a big kobold
  2926 | D:4      | Killed a big kobold
  2926 | D:4      | Reached skill level 1 in Armour
  2926 | D:4      | Reached skill level 1 in Evocations
  2926 | D:4      | Reached XP level 5. HP: 11/38 MP: 1/9
  3972 | D:4      | Found a staircase to the Ecumenical Temple.
  3988 | Temple   | Entered the Ecumenical Temple
  4202 | Temple   | Became a worshipper of Qazlal Stormbringer
  4246 | D:4      | Found Julul's Armour Shop.
  4283 | D:4      | Found Tiuc's Book Shoppe.
  4300 | D:4      | Found a hide-covered altar of Uskayaw.
  4303 | D:4      | Noticed Dowan
  4304 | D:4      | Noticed Duvessa
  4650 | D:4      | Killed Duvessa
  4650 | D:4      | Reached XP level 6. HP: 21/44 MP: 9/10
  4659 | D:4      | Killed from afar by Dowan

Illustrated notes

Levels and vault maps discovered:
D:1:      lordsloth_arrival_two_stooges, layout_basic
D:2:      layout_basic
D:3:      layout_basic, minmay_diced_spiral
D:4:      kennysheep_kobold_camp, layout_cave_pools,
          nicolae_overflow_crystal_walls, minmay_temple_entry_glass,
          serial_shops, shop, nicolae_shop_crystal, shop_fountains,
          nicolae_shop_window_shopping, nicolae_shop_statue_plus, uniq_duvessa
Temple:   minmay_temple_bridge_abc

Skill      XL: |  1  2  3  4  5 |
---------------+----------------+-----
Dodging        | 2 |  2.8
Ice Magic      | 4 |  4.8
Fighting       | 1 2 |  2.2
Armour         | 1 |  1.9
Evocations     | 1 |  1.6
Spellcasting   | 3 |  3.0
Stealth        | |  1.7

Action                   |  1- 3 |  4- 6 || total
-------------------------+-------+-------++-------
Melee: Mace              |    17 |       ||    17
       Kick              |     6 |    44 ||    50
       Dagger            |     7 |   140 ||   147
Throw: Boomerang         |       |     2 ||     2
 Cast: Freeze            |    51 |    17 ||    68
       Frozen Ramparts   |     3 |    11 ||    14
       Ozocubu's Armour  |       |     2 ||     2
 Stab: Sleeping          |       |     1 ||     1
Armor: Robe              |     8 |       ||     8
       Leather armour    |     5 |    23 ||    28
Dodge: Dodged            |    52 |    54 ||   106

Table legend:
 A = Non-vault XP
 B = Vault XP
 C = Vault XP percentage of total XP
 D = Non-vault monster count
 E = Vault monster count
 F = Vault count percentage of total count
                 A         B        C        D         E       F
            +---------+---------+-------+---------+---------+-------
      Total |     195 |     304 |  60.9 |      58 |      27 |  31.8
            +---------+---------+-------+---------+---------+-------
        D:1 |      36 |       0 |   0.0 |      20 |       0 |   0.0
        D:2 |      52 |       0 |   0.0 |      23 |       0 |   0.0
        D:3 |      58 |      26 |  31.0 |      12 |       5 |  29.4
        D:4 |      49 |     278 |  85.0 |       3 |      22 |  88.0
            +---------+---------+-------+---------+---------+-------
